 Dungeon Crawl Stone Soup version 0.18-a0-917-g8a3da5b (webtiles) character file.

520 st0uf the Covered (level 7, -2/62 HPs)
             Began as a Deep Dwarf Fighter on Dec 26, 2015.
             Was a Follower of Makhleb.
             Killed from afar by st0uf's ghost (14 damage)
             ... with a bolt of negative energy
             ... on level 5 of the Dungeon.
             The game lasted 00:17:32 (3563 turns).

st0uf the Covered (Deep Dwarf Fighter)              Turns: 3563, Time: 00:17:33

Health: -2/62      AC:  7    Str: 22    XL:     7   Next: 1%
Magic:  8/8        EV:  8    Int:  8    God:    Makhleb [*.....]
Gold:   308        SH:  9    Dex: 12    Spells: 0 memorised, 6 levels left

rFire  . . .     SeeInvis .     a - +0 war axe
rCold  . . .     Gourm    .     b - +0 scale mail
rNeg   . . .     Faith    .     c - +0 shield
rPois  .         Spirit   .     (no helmet)
rElec  .         Dismiss  .     (no cloak)
rCorr  .         Reflect  .     (no gloves)
SustAt .         Harm     .     (no boots)
MR     +....                    (no amulet)
Stlth  ..........               (no ring)
                                (no ring)

@: non-regenerating, drained, somewhat resistant to hostile enchantments,
extremely unstealthy
A: damage resistance, recharge devices, sense surroundings 1, slow regeneration
3
a: Device Recharging, Renounce Religion


You were on level 5 of the Dungeon.
You worshipped Makhleb.
Makhleb was aware of your devotion.
You were not hungry.

You visited 2 branches of the dungeon, and saw 6 of its levels.

You collected 308 gold pieces.

Inventory:

Hand Weapons
 a - a +0 war axe (weapon)
Armour
 b - a +0 scale mail (worn)
 c - a +0 shield (worn)
Jewellery
 l - a +3 ring of strength {unknown}
Wands
 e - a wand of heal wounds (1/9)
 n - a wand of random effects (0/48)
Scrolls
 g - a scroll of immolation {unknown}
 i - 5 scrolls of identify {unknown}
 j - a scroll of random uselessness {unknown}
 o - a scroll of blinking {unknown}
 p - 4 scrolls of amnesia {unknown}
 q - a scroll of fog {unknown}
 s - a scroll of magic mapping {unknown}
 u - a scroll of enchant weapon {unknown}
 y - a scroll of fear {unknown}
 B - a scroll of teleportation {unknown}
 C - a scroll of remove curse {unknown}
Potions
 d - 5 potions of might
 h - a potion of curing {unknown}
 r - 3 potions of poison {unknown}
 t - a potion of agility {unknown}
 v - a potion of flight {unknown}
 w - a potion of cancellation {unknown}
 z - a potion of invisibility {unknown}
Comestibles
 f - 3 bread rations
 k - 4 fruits
 m - 3 meat rations
 x - 2 slices of pizza


   Skills:
 + Level 3.6(2.5) Fighting
 + Level 3.8(2.7) Axes
 + Level 5.2(4.0) Armour
 + Level 3.8(2.7) Dodging
 + Level 0.6(0.0) Stealth
 + Level 4.5(3.4) Shields
 + Level 1.3(0.3) Evocations


You had 6 spell levels left.
You didn't know any spells.

Dungeon Overview and Level Annotations

Branches:
Dungeon (5/15)             Temple (1/1) D:5

Altars:
Ashenzari
Dithmenos
Fedhas
Gozag
Kikubaaqudgha
Makhleb
Nemelex Xobeh
Okawaru
Pakellas
Qazlal
Ru
Sif Muna
Vehumet
Xom
Yredelemnul
The Shining One

Annotations:
D:5 Dowan; Duvessa; st0uf's ghost, novice DrCj


Innate Abilities, Weirdness & Mutations

You are resistant to damage.
You can recharge devices by infusing magical energy.
You passively map a small area around you.
You do not regenerate naturally.


Message History

* * * LOW HITPOINT WARNING * * *
You hit st0uf's ghost.
St0uf's ghost is lightly damaged.
St0uf's ghost gestures at you while chanting.
The magic dart hits you!
* * * LOW HITPOINT WARNING * * *
St0uf's ghost hits you.
* * * LOW HITPOINT WARNING * * *
You closely miss st0uf's ghost.
St0uf's ghost is lightly damaged.
St0uf's ghost hits you.
* * * LOW HITPOINT WARNING * * *
You closely miss st0uf's ghost.
St0uf's ghost is lightly damaged.
St0uf's ghost hits you but does no damage.
You hit st0uf's ghost but do no damage.
St0uf's ghost is lightly damaged.
St0uf's ghost breathes negative energy at you.
The bolt of negative energy hits you!
You feel drained.
You die...

..####..#.#
⌠.#....<#.#
..+.....>.#
⌠.#.....#.#
..#####.#.#########
### #.#.........#
÷.# #.#########.#
..# #.#########.#
..# #.#......W@.#
..# #.*.######..#
..# * #..# ..# *
#..# ..# ** #..#
..# * , .... .... *
#.## ....# ..#
....#


You could see st0uf's ghost.

Vanquished Creatures
  A phantom (D:4)
  An ogre (D:4)
  A crimson imp (D:5)
  A giant frog skeleton (D:4)
  A centaur skeleton (D:4)
  A hound (D:4)
  An orc wizard (D:3)
  2 worker ants
  4 adders
  An ooze (D:3)
  An adder skeleton (D:5)
  3 worms
  6 giant geckos
  6 orcs
  2 ball pythons
  2 giant cockroaches
  9 hobgoblins
  12 jackals
  9 kobolds
  A quokka (D:2)
  A ball python skeleton (D:4)
  3 bats
  3 giant newts
  7 goblins
  3 rats
82 creatures vanquished.

Notes
Turn   | Place    | Note
--------------------------------------------------------------
     0 | D:1      | st0uf the Deep Dwarf Fighter began the quest for the Orb.
     0 | D:1      | Reached XP level 1. HP: 20/20 MP: 1/1
   110 | D:1      | Reached XP level 2. HP: 20/27 MP: 2/2
   305 | D:3      | Found an opulent altar of Gozag.
   309 | D:3      | Found a shattered altar of Ashenzari.
   337 | D:3      | Reached skill level 1 in Dodging
   337 | D:3      | Reached XP level 3. HP: 24/34 MP: 3/3
   469 | D:4      | Found a shimmering altar of Xom.
   546 | D:4      | You fall through a shaft!
   546 | D:5      | Entered Level 5 of the Dungeon
   546 | D:5      | Noticed Duvessa
   546 | D:5      | Noticed Dowan
   653 | D:4      | Reached XP level 4. HP: 38/42 MP: 4/4
   768 | D:4      | Found a shadowy altar of Dithmenos.
   779 | D:4      | Reached skill level 4 in Armour
   781 | D:4      | Found a basalt altar of Yredelemnul.
   784 | D:4      | Found a blossoming altar of Fedhas.
   881 | D:4      | Noticed an ogre
   891 | D:4      | HP: 1/42 [ogre/giant club (12)]
   894 | D:4      | Killed an ogre
   894 | D:4      | Reached XP level 5. HP: 35/49 MP: 5/5
  1003 | D:4      | Noticed a phantom
  1052 | D:4      | Killed a phantom
  1052 | D:4      | Reached skill level 1 in Evocations
  1052 | D:4      | Reached XP level 6. HP: 27/56 MP: 6/6
  1075 | D:4      | Found a sacrificial altar of Ru.
  1272 | D:5      | Reached skill level 5 in Armour
  1374 | D:5      | Found a staircase to the Ecumenical Temple.
  1380 | Temple   | Entered the Ecumenical Temple
  1387 | Temple   | Became a worshipper of Makhleb the Destroyer
  2427 | D:2      | Reached * piety under Makhleb
  3041 | D:1      | Reached XP level 7. HP: 18/62 MP: 8/8
  3555 | D:5      | Noticed st0uf's ghost (novice DrCj)
  3563 | D:5      | Killed from afar by st0uf's ghost

Vault maps used:
D:1:      saegor_arrival_simple_b, minmay_shallow_snake_nest
D:2:      serial_park_tiny_1, hex_medium
D:3:      ashenzari_altar_1, grunt_gozag_breadcrumbs
D:4:      xom_butterflies, nicolae_ru_the_path_less_chosen,
          minmay_overflow_temple_star_quad
D:5:      slow_altar_1, minmay_temple_entry_hall, first_bread, uniq_duvessa
Temple:   nicolae_temple_no_exploring_needed

Action                   |  1- 3 |  4- 6 |  7- 9 || total
-------------------------+-------+-------+-------++-------
Melee: War axe           |   128 |   194 |    22 ||   344
Evoke: Wand              |     1 |     4 |     2 ||     7
  Eat: Chunk             |       |     8 |     1 ||     9
